 Dungeon Crawl Stone Soup version 0.21.3-3-g218456f21e (webtiles) character file.

1029 CurlyBrace the Scratcher (level 8, -9/36 HPs)
             Began as a Felid Earth Elementalist on Feb 20, 2021.
             Was a Follower of Cheibriados.
             Shot with an arrow by a centaur (16 damage)
             ... on level 10 of the Dungeon.
             The game lasted 00:32:11 (2227 turns).

CurlyBrace the Scratcher (Felid Earth Elementalist) Turns: 2227, Time: 00:32:11

Health: -9/36      AC:  2    Str:  8    XL:     8   Next: 3%
Magic:  4/13       EV: 20    Int: 20    God:    Cheibriados [*.....]
Gold:   44         SH:  0    Dex: 20    Spells: 6/13 levels left
                                        Lives:  0   Deaths: 2

rFire    . . .     SeeInvis +     - Unarmed
rCold    . . .     Gourm    .   (shield unavailable)
rNeg     . . .     Faith    .   (armour unavailable)
rPois    .         Spirit   .   (helmet unavailable)
rElec    .         Reflect  .   (cloak unavailable)
rCorr    .         Harm     .   (gloves unavailable)
MR       +....                  (boots unavailable)
Stlth    +++.......             (no amulet)
HPRegen  0.12/turn              (no ring)
MPRegen  0.13/turn              (no ring)

@: slow
A: very small, no armour, no weapons or thrown items, stealth, claws 1, fangs 3,
see invisible, carnivore, speed 1, shaggy fur 2, slow metabolism 1, sharp paws
a: Bend Time, Renounce Religion


You were on level 10 of the Dungeon.
You worshipped Cheibriados.
Cheibriados was aware of your devotion.
You were completely stuffed.

You visited 2 branches of the dungeon, and saw 11 of its levels.
You also visited: Ossuary.

You collected 320 gold pieces.
You spent 276 gold pieces at shops.

Inventory:

Missiles
 a - 39 arrows
 c - 8 stones
Jewellery
 j - an uncursed ring of fire
   (You found it on level 5 of the Dungeon)
Wands
 h - a wand of iceblast (10)
   (You bought it in a shop on level 5 of the Dungeon)
 i - a wand of polymorph (6)
   (You found it on level 7 of the Dungeon)
Scrolls
 b - a scroll of fear {unknown}
 t - 2 scrolls of teleportation
Potions
 f - 3 potions of magic
Books
 d - a book of Geomancy

   Spells                             Type                      Level
   a - Sandblast                      Earth                        1
   b - Passwall                       Transmutation/Earth          2
   c - Stone Arrow                    Conjuration/Earth            3
   d - Petrify                        Transmutation/Earth          4
   e - Lee's Rapid Deconstruction     Earth                        5
Comestibles
 e - a ration


   Skills:
 - Level 4.1 Fighting
 - Level 4.0 Dodging
 - Level 4.2 Stealth
 + Level 5.3 Unarmed Combat
 - Level 3.2 Spellcasting
 - Level 4.0 Transmutations
 - Level 4.0 Earth Magic
 - Level 4.1 Evocations


You had 6 spell levels left.
You knew the following spells:

 Your Spells              Type           Power        Failure   Level  Hunger
a - Sandblast             Erth           ###...       2%          1    None
b - Passwall              Tmut/Erth      ###.......   4%          2    ##.....
c - Petrify               Tmut/Erth      ###.....     26%         4    ####...


Dungeon Overview and Level Annotations

Branches:
Dungeon (10/15)            Temple (1/1) D:5
   Lair: D:8-11         Orc: D:9-12

Altars:
Ashenzari
Cheibriados
Hepliaklqana
Kikubaaqudgha
Makhleb
Vehumet
Xom
Zin
The Shining One

Shops:
D:5 }

Annotations:
D:4 inmateoo's ghost, amateur MiSk
D:7 exclusion: cyclops


Innate Abilities, Weirdness & Mutations

You cannot wear armour.
You are incapable of wielding weapons or throwing items.
Your paws allow you to move quietly. (Stealth)
You have sharp claws.
You have razor-sharp teeth.
You have supernaturally acute eyesight. (SInv)
You are carnivorous and can eat meat at any time.
You cover ground quickly.
You are covered in thick fur. (AC +2)
You have a slow metabolism.
Your sharp claws are effective at attacking unaware monsters.


Message History

Unknown command.
Casting: Sandblast
Confirm with . or Enter, or press ? or * to list all spells.
Aiming: Sandblast
Press: ? - help, Shift-Dir - straight line, f/p - centaur
Aim: a centaur, wielding a shortbow (almost dead)
The blast of sand misses the centaur.
c - 9 stones The centaur shoots an arrow.
The arrow barely misses you.
Unknown command.
Unknown command.
Casting: Sandblast
Confirm with . or Enter, or press ? or * to list all spells.
Aiming: Sandblast
Press: ? - help, Shift-Dir - straight line, f/p - centaur
Aim: a centaur, wielding a shortbow (almost dead)
The blast of sand misses the centaur.
c - 8 stones The centaur shoots an arrow.
The arrow hits you!
You die...

#. #. #.. ###
##..%###.##
#........<#
#......<..#
##.>.###.#####
#.. ##.##.(##
# #.....)@#
#....c†## ##
#......##...##
#............#
##.##..##....#
#.##..# ..##
......# .#
........
#.........


You could see a centaur.

Vanquished Creatures
  A hungry ghost (D:9)
  A phantom (D:9)
  A black bear (D:6)
  A sky beast (D:5)
  3 ogres
  A necrophage (D:9)
  A bullfrog (D:10)
  A water moccasin zombie (D:5)
  2 orc wizards (D:9)
  3 hounds (D:5)
  A quasit (D:6)
  3 orc priests
  Natasha (twice) (D:4)
  2 hound skeletons
  6 mummies (Ossuary)
  Robin (D:4)
  4 gnolls (D:4)
  3 adders
  An ooze (D:3)
  2 adder skeletons
  A dart slug (D:4)
  7 orcs
  A ball python (D:4)
  2 gnoll zombies (Ossuary)
  9 goblins
  2 hobgoblins
  4 jackals (D:9)
  3 quokkas
  3 bats
  4 hobgoblin zombies (Ossuary)
  2 kobold zombies (Ossuary)
  2 quokka zombies (D:4)
  A rat (D:3)
81 creatures vanquished.

Notes
Turn   | Place    | Note
-------+----------+-------------------------------------------
     0 | D:1      | CurlyBrace the Felid Earth Elementalist began the quest for the Orb.
     0 | D:1      | Reached XP level 1. HP: 7/7 MP: 4/4
    97 | D:2      | Reached XP level 2. HP: 10/11 MP: 1/6
   140 | D:2      | Learned a level 2 spell: Passwall
   175 | D:3      | Reached skill level 1 in Fighting
   175 | D:3      | Reached skill level 1 in Unarmed Combat
   205 | D:4      | Reached XP level 3. HP: 8/15 MP: 3/7
   227 | D:5      | Entered Level 5 of the Dungeon
   423 | D:4      | Gained mutation: You are covered in thick fur. (AC +2) [potion of mutation]
   499 | D:4      | Found a sand-covered staircase.
   502 | D:4      | Noticed Robin
   540 | Ossuary  | Entered an ossuary
   569 | Ossuary  | Reached skill level 2 in Unarmed Combat
   569 | Ossuary  | Reached XP level 4. HP: 19/19 MP: 2/8
   587 | Ossuary  | Slain by a mummy
   588 | Ossuary  | Reached XP level 3. HP: 0/24 MP: 4/7
   794 | Ossuary  | Reached XP level 4. HP: 20/20 MP: 0/8
   940 | D:4      | Noticed inmateoo's ghost (amateur MiSk)
   980 | D:4      | Noticed Natasha
   990 | D:4      | Killed Natasha
  1039 | D:4      | Reached XP level 5. HP: 24/24 MP: 3/9
  1045 | D:4      | Reached skill level 3 in Unarmed Combat
  1051 | D:4      | Learned a level 4 spell: Petrify
  1071 | D:4      | Noticed Natasha
  1083 | D:4      | Killed Robin
  1087 | D:4      | Killed Natasha
  1119 | D:5      | Found a staircase to the Ecumenical Temple.
  1169 | Temple   | Entered the Ecumenical Temple
  1183 | Temple   | Became a worshipper of Cheibriados the Contemplative
  1214 | D:5      | Mutation became permanent: You are covered in fur. (AC +1) [Felid growth]
  1214 | D:5      | Gained mutation: You are covered in thick fur. (AC +2) [Felid growth]
  1214 | D:5      | Reached XP level 6. HP: 25/28 MP: 0/10
  1251 | D:5      | Found Sugh's Gadget Shop.
  1265 | D:5      | Bought a wand of paralysis (7) for 108 gold pieces
  1360 | D:5      | Noticed a sky beast
  1372 | D:5      | Killed a sky beast
  1372 | D:5      | Reached skill level 1 in Evocations
  1389 | D:6      | Reached skill level 4 in Unarmed Combat
  1436 | D:6      | Reached XP level 7. HP: 20/32 MP: 3/12
  1528 | D:5      | Bought a wand of iceblast (10) for 168 gold pieces
  1611 | D:7      | Found a glowing golden altar of the Shining One.
  1616 | D:7      | Found an ancient bone altar of Kikubaaqudgha.
  1653 | D:7      | Noticed a cyclops
  1666 | D:7      | Hit by a large rock thrown by a cyclops
  1667 | D:7      | Reached XP level 6. HP: -27/28 MP: 11/11
  1814 | D:8      | Found a burning altar of Makhleb.
  1837 | D:8      | Found a glowing silver altar of Zin.
  1936 | D:8      | Found a snail-covered altar of Cheibriados.
  1938 | D:8      | Found a bloodstained altar of Trog.
  1938 | D:8      | Found a shimmering altar of Xom.
  1940 | D:8      | Found a shimmering altar of Xom.
  1940 | D:8      | Found a glowing silver altar of Zin.
  1940 | D:8      | Found a radiant altar of Vehumet.
  1980 | D:9      | Reached XP level 7. HP: 18/31 MP: 7/12
  1981 | D:9      | Noticed a hungry ghost
  1988 | D:9      | Killed a hungry ghost
  2069 | D:9      | Reached * piety under Cheibriados
  2203 | D:10     | Entered Level 10 of the Dungeon
  2223 | D:10     | Reached skill level 5 in Unarmed Combat
  2224 | D:10     | Reached XP level 8. HP: 14/36 MP: 6/13
  2227 | D:10     | Shot with an arrow by a centaur

Skill      XL: |  1  2  3  4  5  6  7 |
---------------+----------------------+-----
Dodging        | 3 4 |  4.0
Stealth        | 3 4 |  4.2
Earth Magic    | 3 4 |  4.0
Fighting       | 1 2 3 4 |  4.1
Unarmed Combat | 1 2 3 4 5 |  5.3
Transmutations | 2 3 4 |  4.0
Evocations     | 2 4 |  4.1
Spellcasting   | 3 |  3.2

Action                   |  1- 3 |  4- 6 |  7- 9 || total
-------------------------+-------+-------+-------++-------
Melee: Unarmed           |    43 |    59 |    53 ||   155
       Bite              |     4 |     4 |     2 ||    10
       Punch             |       |       |     1 ||     1
 Cast: Sandblast         |    57 |    39 |    28 ||   124
       Passwall          |     1 |    17 |     8 ||    26
       Petrify           |       |     3 |       ||     3
 Abil: Evoke Berserk Rag |       |     1 |       ||     1
Evoke: Wand              |       |     5 |    12 ||    17
  Use: Potion            |    14 |     2 |     3 ||    19
       Scroll            |     2 |     4 |       ||     6
 Stab: Sleeping          |     2 |     3 |     3 ||     8
       Paralysed         |       |     3 |       ||     3
  Eat: Chunk             |       |    12 |     1 ||    13
       Ration            |       |     1 |       ||     1
Armor: Skin              |    22 |    35 |     7 ||    64
Dodge: Dodged            |    49 |    80 |    72 ||   201
